 Dungeon Crawl Stone Soup version 0.31-a0-618-g7ca08c1ff9 (webtiles) character file.

Game seed: 13248938611680971908

243 Dittersdorf the Trooper (level 6, -2/39 HPs)
             Began as a Gargoyle Fighter on Aug 22, 2023.
             Slain by Ijyb
             ... wielding a +0 dagger
              (7 damage)
             ... on level 2 of the Dungeon.
             The game lasted 00:02:39 (1826 turns).

Dittersdorf the Trooper (Gargoyle Fighter)          Turns: 1826, Time: 00:02:40

Health: -2/39      AC: 11    Str: 22    XL:     6   Next: 9%
Magic:  6/6        EV:  9    Int:  8    God:
Gold:   117        SH:  4    Dex:  9    Spells: 5/5 levels left

rFire   . . .        a - +0 flail
rCold   . . .        c - +0 buckler
rNeg    + . .        b - +0 scale mail
rPois   ∞            (no helmet)
rElec   +            (no cloak)
rCorr   .            (no gloves)
SInv    .            (no boots)
Will    .....        (no amulet) Stlth
                     (no ring)
HPRegen 0.26/turn    (no ring)
MPRegen 0.10/turn

%: no passive effects
@: no status effects
A: sickness immunity, AC +4, negative energy resistance 1, electricity
resistance, torment resistance 1, petrification resistance
a: no special abilities


You were on level 2 of the Dungeon.
You visited 1 branch of the dungeon, and saw 3 of its levels.

You collected 117 gold pieces.

Inventory:

Hand Weapons
 a - a +0 flail (weapon)
Armour
 b - a +0 scale mail (worn)
 c - a +0 buckler (worn)
 j - a +0 plate armour
Scrolls
 e - 2 scrolls of teleportation {unknown}
 g - a scroll of fog {unknown}
 k - a scroll of enchant weapon {unknown}
Potions
 d - 2 potions of might
 f - a potion of mutation {unknown}
 h - a potion of heal wounds {unknown}
 i - a potion of curing {unknown}


   Skills:
 + Level 4.6 Fighting
 + Level 3.4 Maces & Flails
 + Level 4.5 Armour
 + Level 4.6 Shields


You had 5 spell levels left.
You didn't know any spells.
Your spell library contained the following spells:

 Spells                   Type           Power      Damage    Failure   Level
 Cause Fear               Hex            0%         N/A       100%        4
 Fireball                 Conj/Fire      0%         3d3       100%        5
 Dragon's Call            Summ           0%         N/A       100%        9


Dungeon Overview and Level Annotations

Branches:
Dungeon (3/15)

Altars:

Annotations:
D:2 Ijyb, Robin


Innate Abilities, Weirdness & Mutations

You are immune to sickness and miasma.
Your stone body is resilient. (AC +4)
You are immune to poison.
You resist negative energy. (rN+)
You are resistant to electric shocks. (rElec)
You are resistant to unholy torment.
You are immune to petrification.


Message History

You are too injured to fight recklessly!
You are too injured to fight recklessly!
You are too injured to fight recklessly!
You are too injured to fight recklessly!
You are too injured to fight recklessly!
You are too injured to fight recklessly!
You are too injured to fight recklessly!
You are too injured to fight recklessly!
You are too injured to fight recklessly!
You are too injured to fight recklessly!
You are too injured to fight recklessly!
Ijyb hits you but does no damage. Robin attacks as they pursues you!
You block Robin's attack.
There is a stone staircase leading up here.
Ijyb zaps a wand.
The puff of flame hits you. You block Robin's attack.
You climb upwards.
There is a stone staircase leading down here.
Ijyb hits you but does no damage. Robin throws Ijyb at you!
Things that are here:
a +0 club; a goblin corpse You hit Ijyb but do no damage.
Ijyb is severely wounded.
Ijyb hits you with a +0 dagger.
* * * LOW HITPOINT WARNING * * *
Ijyb hits you but does no damage. Robin hits you with a +0 club.
* * * LOW HITPOINT WARNING * * *
Robin throws Ijyb at you!
You hit Ijyb but do no damage.
Ijyb is severely wounded.
Ijyb hits you but does no damage. Robin hits you but does no damage.
You barely miss Ijyb.
Ijyb is severely wounded.
You block Ijyb's attack. You block Robin's attack.
You miss Ijyb.
Ijyb is severely wounded.
Ijyb zaps a wand.
The puff of flame hits you but does no damage.
Robin barely misses you. Ijyb attacks as she pursues you!
Ijyb hits you with a +0 dagger!
You die...

#.# #.# #.# #.# #)#
#.# ##### #.# #.# ###
#.... #.# #.# #<#
#.... #.# #.# #.#
#.... #.# #.#
#####.###.... #.# #.#
#.......+....
#.###@####.###.###....
#...gg†....# #.###....
#####.#.#### #........
#.#...## #........
#.###..###........ #.#
##...#........ #.#
###†'........ #.#
###........ #.#
#....####


You could see Ijyb (strong) and Robin.

Vanquished Creatures
  Sigmund (D:2)
  An adder (D:2)
  5 dart slugs
  4 bats
  4 endoplasms (D:1)
  4 giant cockroaches
  10 goblins
  10 hobgoblins
  2 jackals (D:1)
  7 kobolds
  4 quokkas
  4 ball pythons
  2 frilled lizards (D:2)
  6 rats
64 creatures vanquished.

Notes
Turn   | Place    | Note
-------+----------+-------------------------------------------
     0 | D:1      | Dittersdorf the Gargoyle Fighter began the quest for the
                  | Orb.
     0 | D:1      | Reached XP level 1. HP: 14/14 MP: 1/1
    53 | D:1      | Reached XP level 2. HP: 19/19 MP: 2/2
   206 | D:1      | Reached XP level 3. HP: 24/24 MP: 3/3
   705 | D:1      | Found a faded altar of an unknown god.
   911 | D:2      | Reached XP level 4. HP: 29/29 MP: 4/4
   918 | D:2      | Noticed Sigmund
   966 | D:2      | Killed Sigmund
   967 | D:2      | Reached XP level 5. HP: 19/34 MP: 5/5
  1345 | D:2      | Reached XP level 6. HP: 38/39 MP: 6/6
  1749 | D:3      | Noticed Ijyb
  1749 | D:3      | Noticed Robin
  1826 | D:2      | Slain by Ijyb

Illustrated notes

Levels and vault maps discovered:
D:1:      elethiomel_arrival_infinity_welcomes_careful_drivers, layout_basic,
          ebering_ecumenical_altar_rust, corexii_corridor_pit,
          minmay_hexomino_u4
D:2:      layout_basic, kennysheep_big_empty_room, uniq_sigmund
D:3:      minmay_angry_zag, layout_basic, kennysheep_orc_sif_temple,
          vehumet_statue, nicolae_goblin_pals

Skill      XL: |  1  2  3  4 |
---------------+-------------+-----
Fighting       | 4 |  4.6
Maces & Flails | 3 |  3.4
Armour         | 4 |  4.5
Shields        | 4 |  4.6

Action                     |  1- 3 |  4- 6 || total
---------------------------+-------+-------++-------
  Melee: Flail             |   116 |    74 ||   190
 Armour: Scale mail        |    66 |    47 ||   113
  Dodge: Dodged            |    52 |    40 ||    92
  Block: Buckler           |    30 |    12 ||    42

Table legend: (Time is in decaauts)
 A = Elapsed time spent in this place.
 B = Non-inter-level travel time spent in this place.
 C = Inter-level travel time spent in this place.
 D = Time resting spent in this place.
 E = Time spent auto-exploring this place.
 F = Levels seen in this place.
 G = Mean time per level.
                   A        B        C        D        E       F      G
               +--------+--------+--------+--------+--------+-----+--------+
         Total |   1886 |   1865 |     21 |     34 |   1351 |   3 |  628.7 |
       Dungeon |   1886 |   1865 |     21 |     34 |   1351 |   3 |  628.7 |
               +--------+--------+--------+--------+--------+-----+--------+

Top non-repeatable levels by time:
     D:2: 981 daAuts
     D:1: 875 daAuts
     D:3: 29 daAuts
